 Seeded DCSS version 0.29.1-15-g9cfb28693d (webtiles) character file.

Game seed: 9807948964800535893 (custom seed)

439 bmack86 the Trooper (level 6, -1/49 (56) HPs)
             Began as a Minotaur Fighter on Mar 1, 2023.
             Slain by a wight
             ... wielding a +0 halberd
              (3 damage)
             ... on level 4 of the Dungeon.
             The game lasted 00:10:22 (3544 turns).

bmack86 the Trooper (Minotaur Fighter)              Turns: 3544, Time: 00:10:23

HP:   -1/49 (56)    AC: 16    Str: 22    XL:     6   Next: 70%
MP:   5/5           EV:  7    Int:  5    God:
Gold: 179           SH:  5    Dex: 10    Spells: 5/5 levels left

rFire   . . .      SeeInvis +   a - +0 war axe
rCold   . . .      Faith    .   c - +0 buckler
rNeg    . . .      Spirit   .   e - +3 chain mail {Will+}
rPois   .          Reflect  .   (helmet restricted)
rElec   .          Harm     .   (no cloak)
rCorr   .          Rampage  .   f - +2 pair of gloves
Will    +....                   (no boots)
Stlth   ..........              n - amulet of magic regeneration
HPRegen 0.16/turn               r - ring of see invisible
MPRegen 0.49/turn               (no ring)

@: mighty, heavily drained
A: horns 2, retaliatory headbutt
a: no special abilities


You were on level 4 of the Dungeon.
You visited 2 branches of the dungeon, and saw 5 of its levels.

You collected 179 gold pieces.

Inventory:

Hand Weapons
 a - a +0 war axe (weapon)
Missiles
 i - 8 poisoned darts
 o - 3 boomerangs (quivered)
Armour
 b - a +0 scale mail
 c - a +0 buckler (worn)
 e - a +3 chain mail of willpower (worn)
 f - a +2 pair of gloves (worn)
Jewellery
 n - an amulet of magic regeneration (around neck)
 r - a ring of see invisible (left hand)
Scrolls
 p - a scroll of enchant armour
 q - a scroll of amnesia {unknown}
 s - a scroll of noise {unknown}
Potions
 g - a potion of degeneration {unknown}
 h - a potion of berserk rage
 j - 3 potions of curing
 k - 2 potions of ambrosia
 l - 2 potions of attraction
 m - a potion of brilliance {unknown}


   Skills:
 + Level 5.3 Fighting
 + Level 4.4 Axes
 + Level 2.6 Throwing
 + Level 5.2 Armour
 + Level 5.2 Shields


You had 5 spell levels left.
You didn't know any spells.
Your spell library was empty.

Dungeon Overview and Level Annotations

Branches:
Dungeon (4/15)             Temple (1/1) D:4

Altars:
Cheibriados
Fedhas
Hepliaklqana
Kikubaaqudgha
Makhleb
Qazlal
Ru
Trog
Uskayaw
Vehumet
Zin
The Shining One


Innate Abilities, Weirdness & Mutations

You have a pair of horns on your head.
You reflexively headbutt those who attack you in melee.


Message History

The wight is almost destroyed.
You hit the wight. You block the wight's attack.
The wight hits you but does no damage. The wight hits you with a +3 war axe!
You slash the wight!
You destroy the wight!
You barely miss the wight. The wight barely misses you.
You block the wight's attack.
Your life force feels restored.
You slash the wight! Your headbutt misses the wight.
The wight is severely damaged.
You closely miss the wight.
The wight hits you from afar with a +0 halberd.
You feel drained.
The wight hits you with a +4 dire flail!
You feel drained. The wight closely misses you.
You feel very mighty all of a sudden. The wight barely misses you.
The wight hits you but does no damage. You block the wight's attack.
You hit the wight. Your headbutt misses the wight.
The wight is almost destroyed.
You hit the wight but do no damage. The wight barely misses you.
The wight hits you but does no damage. The wight barely misses you.
The wight hits you from afar with a +0 halberd!
* * * LOW HITPOINT WARNING * * *
The wight hits you with a +4 dire flail!
* * * LOW HITPOINT WARNING * * *
You feel drained.
* * * LOW HITPOINT WARNING * * *
The wight hits you but does no damage.
You feel better.
The wight hits you from afar with a +0 halberd!
* * * LOW HITPOINT WARNING * * *
You block the wight's attack. The wight hits you with a +0 war axe.
* * * LOW HITPOINT WARNING * * *
You feel drained.
You hit the wight but do no damage.
The wight is almost destroyed.
You barely miss the wight.
The wight hits you from afar with a +0 halberd.
You die...

....# #...#####
....###.#.....####
####.............#
#...≈≈........#
#...≈≈§...≈≈..#
####..≈§≈#++#≈≈..#
...)...≈#§§§§≈≈..#
####...§#§§_≈#≈≈.#
####....≈§>8§#§≈@#
......§.#≈§§≈#.zz#
......≈≈##≈§##..z.
##.#....≈≈≈....≈..#
#.#....≈.........#
#................#
# ...............#
##########


You could see 3 wights.

Vanquished Creatures
  A phantom (D:4)
  Blork the orc (D:4)
  A scorpion (D:4)
  A wight (D:4)
  An iguana (D:4)
  3 adders
  4 worms
  6 dart slugs
  11 orcs
  9 ball pythons
  12 endoplasms
  2 giant cockroaches (D:2)
  5 goblins
  8 hobgoblins
  5 jackals
  A quokka (D:4)
  8 bats
  6 frilled lizards
  7 kobolds
  3 rats
95 creatures vanquished.

Vanquished Creatures (others)
  A fungus (D:3)
  A plant (D:3)
  A withered plant (D:4)
3 creatures vanquished.

Grand Total: 98 creatures vanquished

Notes
Turn   | Place    | Note
-------+----------+-------------------------------------------
     0 | D:1      | bmack86 the Minotaur Fighter began the quest for the Orb.
     0 | D:1      | Reached XP level 1. HP: 19/19 MP: 0/0
   132 | D:1      | Reached XP level 2. HP: 20/27 MP: 1/1
   787 | D:1      | Reached XP level 3. HP: 33/33 MP: 2/2
  1869 | D:2      | Reached skill level 1 in Throwing
  2156 | D:2      | Reached XP level 4. HP: 40/40 MP: 3/3
  2460 | D:3      | Found a faded altar of an unknown god.
  2500 | D:3      | Found a snail-covered altar of Cheibriados.
  2835 | D:4      | Noticed a scorpion
  2844 | D:4      | Killed a scorpion
  2845 | D:4      | Reached XP level 5. HP: 47/47 MP: 4/4
  2848 | D:4      | Found a staircase to the Ecumenical Temple.
  2858 | Temple   | Entered the Ecumenical Temple
  3056 | D:4      | Found an ancient bone altar of Kikubaaqudgha.
  3140 | D:4      | Noticed a phantom
  3158 | D:4      | Killed a phantom
  3159 | D:4      | Reached skill level 5 in Fighting
  3159 | D:4      | Reached skill level 5 in Shields
  3159 | D:4      | Reached XP level 6. HP: 49/56 MP: 5/5
  3237 | D:4      | Reached skill level 5 in Armour
  3416 | D:4      | Noticed Blork the orc
  3428 | D:4      | Killed Blork the orc
  3520 | D:4      | Found a stormy altar of Qazlal.
  3543 | D:4      | HP: 2/51 [wight/+0 war axe (3)]
  3544 | D:4      | Slain by a wight

Illustrated notes

Levels and vault maps discovered:
D:1:      lemuel_arrival_room, layout_basic, chequers_serial_rivers_large_a,
          minivault_26
D:2:      layout_basic
D:3:      layout_rooms, kennysheep_slug_shrine,
          shapermc_ecumenical_altar_acropolis
D:4:      wad_pebble_path, layout_rooms, kiku_gazebo_garden_becter,
          nicolae_qazlal_general_emergency, minmay_temple_entry_glass,
          amcnicky_mini_pool_small, wad_orctagon, uniq_blork_the_orc
Temple:   hellmonk_temple_rainy

Skill      XL: |  1  2  3  4  5  6 |
---------------+-------------------+-----
Shields        | 4 5 |  5.2
Fighting       | 4 5 |  5.3
Armour         | 4 5 |  5.2
Axes           | 3 4 |  4.4
Throwing       | 1 2 |  2.6

Action                   |  1- 3 |  4- 6 || total
-------------------------+-------+-------++-------
Melee: War axe           |    77 |   115 ||   192
       Headbutt          |     6 |    16 ||    22
Throw: Boomerang         |       |     5 ||     5
  Use: Scroll            |     1 |     7 ||     8
       Potion            |       |     2 ||     2
Armor: Chain mail        |    83 |    95 ||   178
       Scale mail        |     2 |       ||     2
Dodge: Dodged            |    42 |    67 ||   109
Block: Buckler           |    33 |    35 ||    68
